 Dungeon Crawl Stone Soup version 0.30-a0-305-g026cb31310 (webtiles) character file.

Game seed: 17020765112012364574

2322 bande the Cleaver (level 9, -1/55 HPs)
             Began as a Gargoyle Fighter on Oct 24, 2022.
             Was an Initiate of Okawaru.
             Slain by a troll (11 damage)
             ... on level 8 of the Dungeon.
             The game lasted 00:10:19 (6000 turns).

bande the Cleaver (Gargoyle Fighter)                Turns: 6000, Time: 00:10:20

Health: -1/55      AC: 17    Str: 25    XL:     9   Next: 42%
Magic:  9/9        EV: 12    Int: 10    God:    Okawaru [......]
Gold:   481        SH:  5    Dex: 13    Spells: 8/8 levels left

rFire   . . .      SeeInvis .    a - +1 war axe (flame)
rCold   . . .      Faith    .    c - +0 buckler
rNeg    + . .      Spirit   .    q - +0 chain mail
rPois   ∞          Reflect  .    (no helmet)
rElec   +          Harm     .    (no cloak)
rCorr   .          Rampage  .    (no gloves)
Will    .....                    i - +0 pair of boots
Stlth   ..........               (no amulet)
HPRegen 0.29/turn                f - +6 ring of strength
MPRegen 0.11/turn                p - +4 ring of evasion

@: no status effects
A: sickness immunity, AC +6, negative energy resistance 1, electricity
resistance, torment resistance 1, petrification resistance
a: Renounce Religion


You were on level 8 of the Dungeon.
You worshipped Okawaru.
Okawaru was noncommittal.
You visited 2 branches of the dungeon, and saw 9 of its levels.
You also visited: Sewer.

You collected 481 gold pieces.

Inventory:

Hand Weapons
 a - a +1 war axe of flaming (weapon)
 o - a +0 war axe
Armour
 c - a +0 buckler (worn)
 i - a +0 pair of boots (worn)
 q - a +0 chain mail (worn)
Jewellery
 f - a +6 ring of strength (left hand)
 m - a ring of see invisible
 p - a +4 ring of evasion (right hand)
Scrolls
 e - 6 scrolls of magic mapping
 h - 6 scrolls of teleportation
 u - 3 scrolls of fear
 v - 2 scrolls of fog
 w - 2 scrolls of amnesia
 y - 2 scrolls of identify
Potions
 b - a potion of might
 g - 2 potions of haste
 j - 5 potions of curing
 k - 2 potions of mutation
 l - a potion of resistance {unknown}
 n - 2 potions of invisibility
 r - 2 potions of flight
 s - a potion of heal wounds {unknown}
 t - 3 potions of brilliance {unknown}
 x - 2 potions of degeneration {unknown}


   Skills:
 + Level 6.1 Fighting
 + Level 8.2 Axes
 + Level 6.1 Armour
 + Level 5.0 Shields
 * Level 3.6 Evocations


You had 8 spell levels left.
You didn't know any spells.
Your spell library contained the following spells:

 Spells                   Type           Power      Damage    Failure   Level
 Kiss of Death            Conj/Necr      0%         2d5       96%         1
 Ensorcelled Hibernation  Hex/Ice        0%         N/A       99%         2
 Passwall                 Tmut/Erth      0%         N/A       99%         2
 Confusing Touch          Hex            0%         N/A       100%        3
 Gell's Gravitas          Tloc           0%         N/A       100%        3
 Swiftness                Air            0%         N/A       100%        3
 Teleport Other           Tloc           0%         N/A       100%        3
 Dispel Undead            Necr           0%         3d6       100%        4
 Dispersal                Tloc           0%         N/A       100%        6


Dungeon Overview and Level Annotations

Branches:
Dungeon (8/15)             Temple (1/1) D:7           Sewer (visited)
   Lair: D:8-11

Altars:
Ashenzari
Dithmenos
Hepliaklqana
Makhleb
Okawaru
Qazlal
Ru
Uskayaw
Vehumet
Yredelemnul


Innate Abilities, Weirdness & Mutations

You are immune to sickness and miasma.
Your stone body is resilient. (AC +6)
You are immune to poison.
You resist negative energy. (rN+)
You are resistant to electric shocks. (rElec)
You are resistant to unholy torment.
You are immune to petrification.


Message History

A troll comes into view.
The troll shouts!
A troll is nearby!
There is an open door here.
The troll bites you but does no damage.
The troll claws you but does no damage. x2
You closely miss the troll. The troll bites you but does no damage.
The troll claws you but does no damage. The troll claws you!
You slash the troll! You burn the troll.
The troll is moderately wounded.
The troll bites you. The troll misses you. The troll closely misses you.
You barely miss the troll.
The troll is moderately wounded.
The troll bites you! The troll claws you. The troll barely misses you.
You are too injured to fight recklessly!
You are too injured to fight recklessly!
You are too injured to fight recklessly!
You are too injured to fight recklessly!
You are too injured to fight recklessly!
You are too injured to fight recklessly!
You are too injured to fight recklessly!
You are too injured to fight recklessly!
Unknown command.
You hit the troll. You burn the troll.
The troll is moderately wounded.
The troll bites you but does no damage. The troll claws you.
The troll closely misses you.
You barely miss the troll.
The troll is moderately wounded.
The troll bites you but does no damage. The troll closely misses you.
The troll claws you.
You slash the troll! You burn the troll.
The troll is severely wounded.
The troll bites you!
* * * LOW HITPOINT WARNING * * *
The troll claws you but does no damage. x2
You barely miss the troll.
The troll is severely wounded.
The troll bites you but does no damage. The troll claws you but does no damage.
The troll claws you!
You die...

#.........#
#.........#
#.........#
###.........#
............##
#..........#.
#....T.......
#....@....#
#.........#
###+#'###.#
#.# # #.#
#.#.# #.#.#
#.#.# #.#.#


You could see a troll.

Vanquished Creatures
  Sigmund (D:4)
  2 orc warriors
  A black bear (D:3)
  2 sky beasts
  2 ogres
  2 phantoms
  3 kobold brigands
  A necrophage (D:2)
  2 bullfrogs
  5 scorpions
  2 howler monkeys (D:7)
  2 jellies
  A hound (D:4)
  2 orc priests
  3 orc wizards
  6 iguanas
  9 adders
  3 river rats (Sewer)
  2 worms
  3 dart slugs
  16 orcs
  7 endoplasms
  7 giant cockroaches
  10 goblins
  12 hobgoblins
  17 kobolds
  3 quokkas
  9 ball pythons
  4 bats
  10 frilled lizards
  18 rats
167 creatures vanquished.

Vanquished Creatures (others)
  8 plants (D:4)
8 creatures vanquished.

Grand Total: 175 creatures vanquished

Notes
Turn   | Place    | Note
-------+----------+-------------------------------------------
     0 | D:1      | bande the Gargoyle Fighter began the quest for the Orb.
     0 | D:1      | Reached XP level 1. HP: 14/14 MP: 1/1
   106 | D:1      | Reached XP level 2. HP: 14/19 MP: 2/2
   236 | D:1      | Reached skill level 2 in Axes
   362 | D:1      | Reached XP level 3. HP: 23/23 MP: 3/3
  1209 | D:2      | Noticed a necrophage
  1213 | D:2      | Killed a necrophage
  1214 | D:2      | Reached skill level 3 in Axes
  1214 | D:2      | Reached XP level 4. HP: 29/29 MP: 4/4
  1260 | D:2      | Reached XP level 5. HP: 31/33 MP: 5/5
  2004 | D:3      | Found a radiant altar of Vehumet.
  2089 | D:3      | Noticed a black bear
  2105 | D:3      | Killed a black bear
  2106 | D:3      | Reached skill level 4 in Axes
  2106 | D:3      | Reached XP level 6. HP: 28/38 MP: 6/6
  2596 | D:4      | Noticed Sigmund
  2608 | D:4      | Killed Sigmund
  2609 | D:4      | Reached skill level 5 in Axes
  2609 | D:4      | Reached XP level 7. HP: 18/44 MP: 7/7
  2612 | D:4      | Found a glowing drain.
  2638 | Sewer    | Entered a sewer
  2930 | Sewer    | Reached skill level 5 in Armour
  3477 | D:4      | Found a basalt altar of Yredelemnul.
  3515 | D:4      | Reached skill level 1 in Evocations
  3693 | D:5      | Entered Level 5 of the Dungeon
  3706 | D:5      | Reached skill level 5 in Fighting
  3710 | D:5      | Reached skill level 6 in Axes
  3710 | D:5      | Reached XP level 8. HP: 49/49 MP: 8/8
  4483 | D:6      | Reached skill level 7 in Axes
  4642 | D:6      | Reached XP level 9. HP: 55/55 MP: 9/9
  5323 | D:7      | Reached skill level 8 in Axes
  5368 | D:7      | Reached skill level 5 in Shields
  5412 | D:7      | Found a hazy altar of Hepliaklqana.
  5444 | D:7      | Found a staircase to the Ecumenical Temple.
  5475 | Temple   | Entered the Ecumenical Temple
  5593 | Temple   | Became a worshipper of Warmaster Okawaru
  5990 | D:8      | Noticed a troll
  6000 | D:8      | Slain by a troll

Illustrated notes

Levels and vault maps discovered:
D:1:      dpeg_arrival_more_subterranean_lakeside_camping, layout_basic
D:2:      layout_loops_ring, hangedman_decor_diamond_cutter, chequers_garden,
          minmay_pentomino_q2
D:3:      layout_basic, mainiacjoe_overflow_cross_hatched, minivault_14,
          minmay_pentangle
D:4:      layout_basic, mainiacjoe_overflow_chevrons,
          cheibrodos_sewer_entry_drain, uniq_sigmund
D:5:      layout_gridville
D:6:      layout_gridville, corexii_item_surrounded_by_moat
D:7:      layout_basic, nicolae_hepliaklqana_hazy_memory, temple_green,
          item_on_display_a
D:8:      layout_basic, tso_metal_star, minitemple, grunt_decor_mini_mirrors
Temple:   minmay_temple_forest_path

Skill      XL: |  1  2  3  4  5  6  7  8  9 |
---------------+----------------------------+-----
Axes           | 2 3 4 5 6 7 8 |  8.2
Fighting       | 4 5 6 |  6.1
Shields        | 4 5 |  5.0
Armour         | 4 5 6 |  6.1
Evocations     | 1 2 3 |  3.6

Action                   |  1- 3 |  4- 6 |  7- 9 || total
-------------------------+-------+-------+-------++-------
Melee: War axe           |    87 |   139 |   276 ||   502
  Use: Scroll            |     6 |     5 |     9 ||    20
       Potion            |       |     1 |       ||     1
Armor: Scale mail        |    52 |    49 |    46 ||   147
       Chain mail        |       |       |   110 ||   110
Dodge: Dodged            |    53 |   108 |   165 ||   326
Block: Buckler           |    19 |    39 |    51 ||   109

Table legend: (Time is in decaauts)
 A = Elapsed time spent in this place.
 B = Non-inter-level travel time spent in this place.
 C = Inter-level travel time spent in this place.
 D = Time resting spent in this place.
 E = Time spent auto-exploring this place.
 F = Levels seen in this place.
 G = Mean time per level.
                   A        B        C        D        E       F      G
               +--------+--------+--------+--------+--------+-----+--------+
         Total |   6198 |   6039 |    159 |    537 |   4065 |  10 |  619.8 |
       Dungeon |   5373 |   5285 |     88 |    355 |   3736 |   8 |  671.6 |
        Temple |    181 |    110 |     71 |      0 |    101 |   1 |  181.0 |
         Sewer |    642 |    642 |      0 |    182 |    228 |   1 |  642.0 |
               +--------+--------+--------+--------+--------+-----+--------+

Top non-repeatable levels by time:
     D:2: 1063 daAuts
     D:3: 858 daAuts
     D:6: 855 daAuts
     D:5: 778 daAuts
     D:1: 650 daAuts
     D:4: 646 daAuts
   Sewer: 642 daAuts
     D:7: 497 daAuts
  Temple: 181 daAuts
     D:8: 22 daAuts
